 Dungeon Crawl Stone Soup version 0.30-a0-172-gc5509c9e31 (webtiles) character file.

Game seed: 5967056964060990533

164 qw the Chopper (level 5, -24/32 HPs)
             Began as a Gargoyle Fighter on Oct 1, 2022.
             Annihilated by an ogre
             ... wielding a +0 giant club
              (29 damage)
             ... on level 4 of the Dungeon.
             The game lasted 00:01:13 (2752 turns).

qw the Chopper (Gargoyle Fighter)                   Turns: 2752, Time: 00:01:14

Health: -24/32     AC: 16    Str: 22    XL:     5   Next: 45%
Magic:  5/5        EV:  6    Int:  8    God:
Gold:   138        SH:  4    Dex:  9    Spells: 4/4 levels left

rFire   + . .      SeeInvis .    Y - +0 war axe
rCold   + . .      Faith    .    c - +0 buckler
rNeg    + . .      Spirit   .    j - +1 plate armour {rC+}
rPois   inf        Reflect  .    (no helmet)
rElec   +          Harm     .    (no cloak)
rCorr   .          Rampage  .    (no gloves)
Will    .....                    (no boots)
Stlth   ..........               (no amulet)
HPRegen 0.25/turn                b - ring of protection from fire
MPRegen 0.09/turn                (no ring)

@: no status effects
A: sickness immunity, AC +4, negative energy resistance 1, electricity
resistance, torment resistance 1, petrification resistance
a: no special abilities


You were on level 4 of the Dungeon.
You visited 1 branch of the dungeon, and saw 4 of its levels.

You collected 138 gold pieces.


Innate Abilities, Weirdness & Mutations

You are immune to sickness and miasma.
Your stone body is resilient. (AC +4)
You are immune to poison.
You resist negative energy. (rN+)
You are resistant to electric shocks. (rElec)
You are resistant to unholy torment.
You are immune to petrification.


   Skills:
 + Level 3.3 Fighting
 - Level 5.0 Axes
 - Level 3.2 Armour
 - Level 3.2 Shields


You had 4 spell levels left.
You didn't know any spells.
Your spell library was empty.

Inventory:

Hand Weapons
 o - a +0 flail
 Y - a +0 war axe (weapon)
Missiles
 g - 2 boomerangs (quivered)
Armour
 c - a +0 buckler (worn)
 j - a +1 plate armour of cold resistance (worn)
Jewellery
 b - a ring of protection from fire (left hand)
Scrolls
 m - a scroll of identify
Potions
 a - a potion of curing {unknown}
 d - a potion of might
 h - a potion of brilliance {unknown}
 i - a potion of degeneration {unknown}
 k - a potion of magic {unknown}
 l - a potion of flight {unknown}

Dungeon Overview and Level Annotations

Branches:
Dungeon (4/15)
 Temple: D:4-7

Altars:


Message History

There is a stone staircase leading up here.
A ball python is nearby!
Existing waypoints: (1) D:2 (2) D:3 Assign waypoint to what number? (0-9, D - delete waypoint) Waypoint 1 re-assigned from D:2 to D:4.
You barely miss the ball python. The ball python bites you.
The ball python grabs you. The ball python constricts you.
You slash the ball python!
You kill the ball python!
You start resting.
HP restored.
You see here a ball python corpse.
An ogre comes into view. It is wielding a +0 giant club.
Throw: 2 boomerangs
Press: ? - help, Q - select action Shift-Dir - straight line, f - ogre You throw a boomerang.
The boomerang hits the ogre.
The ogre is lightly wounded.
You completely miss the ogre.
The ogre is lightly wounded.
The ogre barely misses you.
You barely miss the ogre.
The ogre is lightly wounded.
The ogre hits you with a +0 giant club!
You slash the ogre!
The ogre is moderately wounded.
The ogre barely misses you.
You barely miss the ogre.
The ogre is moderately wounded.
The ogre hits you with a +0 giant club!
Ouch! That really hurt!
You hit the ogre.
The ogre is heavily wounded.
The ogre hits you with a +0 giant club.
You barely miss the ogre.
The ogre is heavily wounded.
The ogre hits you with a +0 giant club!!
Ouch! That really hurt!
You die...

.. 77## ....
7..######......
7.....<........
#....%####.....
#.....#@O......
#.....#.###....
#.....#.# .
#.......#
#.....###
#.....# #.....#
#.....# #######


You could see an ogre.

Vanquished Creatures
  An orc priest (D:3)
  7 adders
  3 worms
  3 orcs (D:3)
  6 ball pythons
  3 endoplasms
  4 goblins
  5 hobgoblins
  11 jackals
  4 kobolds
  4 quokkas
  3 bats (D:3)
  2 frilled lizards
  5 rats
61 creatures vanquished.

Notes
Turn   | Place    | Note
-------+----------+-------------------------------------------
     0 | D:1      | qw the Gargoyle Fighter began the quest for the Orb.
     0 | D:1      | Reached XP level 1. HP: 14/14 MP: 1/1
     0 | D:1      | 0 ||| qw: Version: 0.2-a-13-gfc7b4b4
     0 | D:1      | 0 ||| qw: Game counter: 1757
     0 | D:1      | 0 ||| qw: Always use a shield: true
     0 | D:1      | 0 ||| qw: God list: Okawaru
     0 | D:1      | 0 ||| qw: Allow faded altars: false
     0 | D:1      | 0 ||| qw: Do Orc after D:15 true
     0 | D:1      | 0 ||| qw: Do second Lair branch before Depths: true
     0 | D:1      | 0 ||| qw: Lair rune preference: random
     0 | D:1      | 0 ||| qw: Plans: Normal, Zot:1-4, God:TSO, Crypt, Tomb,
                  | Pan, Slime:5, Hells, Abyss, Orb
     0 | D:1      | 0 ||| PLANNING D:1-11
    33 | D:1      | Reached skill level 2 in Axes
    68 | D:1      | Reached XP level 2. HP: 15/19 MP: 2/2
   255 | D:1      | 255 ||| Stepping ~*~*~tactically~*~*~ (stealth).
   257 | D:1      | 257 ||| Stepping ~*~*~tactically~*~*~ (stealth).
   374 | D:1      | 374 ||| Stepping ~*~*~tactically~*~*~ (stealth).
   375 | D:1      | 375 ||| Stepping ~*~*~tactically~*~*~ (stealth).
   384 | D:1      | Reached skill level 3 in Axes
   410 | D:1      | Reached XP level 3. HP: 23/23 MP: 3/3
   631 | D:1      | 631 ||| DROPPING +2 leather armour of positive energy.
   632 | D:1      | 632 ||| DROPPING ring of flight.
   633 | D:1      | 633 ||| READING scroll labelled OMISOTEZIV.
   634 | D:1      | 634 ||| READING scroll labelled MUFYTW DIOTI.
   669 | D:2      | 669 ||| STAIRDANCE
   731 | D:2      | 731 ||| Stepping ~*~*~tactically~*~*~ (stealth).
   740 | D:2      | 740 ||| Stepping ~*~*~tactically~*~*~ (stealth).
  1016 | D:2      | Reached XP level 4. HP: 26/28 MP: 4/4
  1027 | D:2      | Reached skill level 4 in Axes
  1708 | D:2      | 1708 ||| UPGRADING to +0 plate armour.
  1718 | D:2      | 1718 ||| DROPPING +0 scale mail.
  1719 | D:2      | 1719 ||| UPGRADING to +1 plate armour of cold resistance.
  1729 | D:2      | 1729 ||| DROPPING +0 plate armour.
  1730 | D:2      | 1730 ||| READING 2 scrolls labelled FOROHO WIHOMYH.
  1836 | D:3      | Found a faded altar of an unknown god.
  1982 | D:3      | 1982 ||| Stepping ~*~*~tactically~*~*~ (stealth).
  2232 | D:3      | Reached XP level 5. HP: 32/32 MP: 5/5
  2480 | D:3      | 2480 ||| Stepping ~*~*~tactically~*~*~ (hiding).
  2481 | D:3      | 2481 ||| Stepping ~*~*~tactically~*~*~ (hiding).
  2482 | D:3      | 2482 ||| Stepping ~*~*~tactically~*~*~ (hiding).
  2490 | D:3      | HP: 7/32 [orc priest/divine providence (17)]
  2491 | D:3      | 2491 ||| READING scroll of teleportation.
  2491 | D:3      | HP: 2/32 [orc priest/nerve-wracking pain (6)]
  2493 | D:3      | Reached skill level 5 in Axes
  2688 | D:3      | 2688 ||| DROPPING +1 mace of protection.
  2689 | D:3      | 2689 ||| UPGRADING to ring of protection from fire.
  2690 | D:3      | 2690 ||| READING scroll labelled LAIH EBERU.
  2691 | D:3      | 2691 ||| READING 2 scrolls labelled QAT GEUNEODUXT.
  2692 | D:3      | 2692 ||| READING scroll labelled FATYWU ZILL.
  2744 | D:4      | Noticed an ogre
  2750 | D:4      | HP: 7/32 [ogre/+0 giant club (17)]
  2752 | D:4      | Annihilated by an ogre

Levels and vault maps discovered:
D:1:      dpeg_arrival_rooms_b, layout_rooms, serial_glass, glass_columns_c,
          glass_columns_b
D:2:      minmay_wonky_spiral, layout_basic
D:3:      layout_basic, shapermc_ecumenical_altar_mp_highgroup
D:4:      gammafunk_steamed_eel, layout_rooms, serial_bayou,
          serial_bayou_lake_a, serial_bayou_shore_a, serial_bayou_lagoon_b,
          serial_bayou_crossing, chequers_mini_garden, amcnicky_mini_pool_small,
          uniq_edmund, uniq_menkaure

Skill      XL: |  1  2  3  4  5 |
---------------+----------------+-----
Axes           | 2 3 4 5 |  5.0
Fighting       | |  3.3
Armour         | |  3.2
Shields        | |  3.2

Action                   |  1- 3 |  4- 6 || total
-------------------------+-------+-------++-------
Melee: War axe           |   135 |   122 ||   257
Throw: Boomerang         |       |     1 ||     1
  Use: Scroll            |     2 |     5 ||     7
Armor: Scale mail        |    98 |    30 ||   128
       Plate armour      |       |    51 ||    51
Dodge: Dodged            |    90 |    45 ||   135
Block: Buckler           |    42 |    24 ||    66

Table legend:
 A = Non-vault XP
 B = Vault XP
 C = Vault XP percentage of total XP
 D = Non-vault monster count
 E = Vault monster count
 F = Vault count percentage of total count
                 A         B        C        D         E       F
            +---------+---------+-------+---------+---------+-------
      Total |     235 |       0 |   0.0 |      61 |       0 |   0.0
            +---------+---------+-------+---------+---------+-------
        D:1 |      41 |       0 |   0.0 |      22 |       0 |   0.0
        D:2 |      88 |       0 |   0.0 |      21 |       0 |   0.0
        D:3 |     104 |       0 |   0.0 |      17 |       0 |   0.0
        D:4 |       2 |       0 |   0.0 |       1 |       0 |   0.0
            +---------+---------+-------+---------+---------+-------
